 Dungeon Crawl Stone Soup version 0.30-b1-2-g02819fbbbe (webtiles) character file.

Game seed: 5629809328316612594

4 MajorAdolf the Charlatan (level 1, 0/15 HPs)
             Began as a Naga Wanderer on Jan 1, 2024.
             Slain by a goblin
             ... wielding a +0 dagger
              (3 damage)
             ... on level 1 of the Dungeon.
             The game lasted 00:00:31 (131 turns).

MajorAdolf the Charlatan (Naga Wanderer)             Turns: 131, Time: 00:00:31

Health: 0/15       AC:  1    Str: 15    XL:     1   Next: 70%
Magic:  2/2        EV:  8    Int: 13    God:
Gold:   14         SH:  0    Dex:  8    Spells: 1/2 levels left

rFire   . . .        f - +0 war axe
rCold   . . .        (no shield)
rNeg    . . .        c - +0 leather armour
rPois   +            (no helmet)
rElec   .            (no cloak)
rCorr   .            (no gloves)
SInv    +            (no barding)
Will    .....        (no amulet)
Stlth   +            (no ring)
HPRegen 0.22/turn    (no ring)
MPRegen 0.08/turn

%: no passive effects
@: very slow
A: AC +0, large, see invisible, deformed body, poison resistance, slowness 2,
spit poison 1, naga tail 1
a: Spit Poison


You were on level 1 of the Dungeon.
You visited 1 branch of the dungeon, and saw 1 of its levels.

You collected 14 gold pieces.

Inventory:

Hand Weapons
 a - a +0 club
 f - a +0 war axe (weapon)
Armour
 c - a +0 leather armour (worn)
Wands
 d - a wand of polymorph (6)
Scrolls
 b - a scroll of fear
 g - 2 scrolls of identify {unknown}
Potions
 e - a potion of might {unknown}


   Skills:
 + Level 0.7 Axes
 - Level 1.5 Stealth
 - Level 1.0 Spellcasting
 - Level 2.0 Necromancy
 + Level 2.2 Ice Magic
 - Level 4.0 Evocations


You had one spell level left.
You knew the following spells:

 Your Spells              Type           Power      Damage    Failure   Level
a - Freeze                Ice            24%        1d4       14%         1

Your spell library contained the following spells:

 Spells                   Type           Power      Damage    Failure   Level
 Sublimation of Blood     Necr           5%         N/A       22%         2
 Cigotuvi's Dreadful Rot  Necr/Pois/Air  4%         N/A       38%         2
 Ozocubu's Armour         Ice            6%         N/A       38%         3
 Summon Ice Beast         Ice/Summ       3%         N/A       91%         4


Dungeon Overview and Level Annotations

Branches:
Dungeon (1/15)

Altars:


Innate Abilities, Weirdness & Mutations

Your serpentine skin is tough. (AC +0)
You have supernaturally acute eyesight. (SInv)
Armour fits poorly on your strangely shaped body.
Your system is resistant to poisons. (rPois)
You cover ground very slowly.
You can spit poison.
You have a snake-like lower body.


Message History

You kill the ball python!
No target in view!
No target in view!
g - 2 scrolls labelled URUIMI WIAF (gained 1)
An endoplasm comes into view.
An endoplasm is nearby!
You slash the endoplasm!
You kill the endoplasm!
No target in view!
No target in view!
A goblin comes into view. It is wielding a +0 dagger.
A goblin is nearby!
The goblin shouts!
The goblin barely misses you.
You barely miss the goblin. The goblin hits you but does no damage.
You barely miss the goblin.
The goblin hits you with a +0 dagger. x2
You closely miss the goblin. The goblin hits you with a +0 dagger.
You barely miss the goblin. The goblin barely misses you.
The goblin hits you with a +0 dagger.
You closely miss the goblin. The goblin hits you with a +0 dagger.
You are too injured to fight recklessly!
Aiming: Spit Poison (3% risk of failure)
Press: ? - help, Shift-Dir - straight line, f - goblin
Aim: a goblin, wielding a +0 dagger (43% to hit)
The splash of poison misses the goblin.
The goblin hits you with a +0 dagger.
Unknown command.
You are too injured to fight recklessly!
You are too injured to fight recklessly!
You are too injured to fight recklessly!
You closely miss the goblin. The goblin completely misses you.
The goblin hits you with a +0 dagger.
* * * LOW HITPOINT WARNING * * *
You closely miss the goblin.
You have got your breath back.
The goblin hits you with a +0 dagger.
* * * LOW HITPOINT WARNING * * *
You hit the goblin.
The goblin is moderately wounded.
The goblin hits you with a +0 dagger.
You die...

#.# ..# #.# #?#
#.# #.########.#
#...@g........
#..#########.#
#..# #.# .
#.######..# #.# .#
#.........# #.# #.
########..#####
#.# .
#......#####†#.#
#............#.#.#
#.####...........#


You could see a goblin.

Vanquished Creatures
  3 ball pythons (D:1)
  An endoplasm (D:1)
4 creatures vanquished.

Notes
Turn   | Place    | Note
-------+----------+-------------------------------------------
     0 | D:1      | MajorAdolf the Naga Wanderer began the quest for the Orb.
     0 | D:1      | MajorAdolf set off with the following items: a +0 club, a
                  | scroll of fear, a +0 leather armour, a wand of polymorph
                  | (6); and the following spell memorised: Freeze; and the
                  | following spells available to memorise: Sublimation of
                  | Blood, Cigotuvi's Dreadful Rot, Ozocubu's Armour, Summon
                  | Ice Beast.
     0 | D:1      | Reached XP level 1. HP: 15/15 MP: 2/2
   131 | D:1      | Slain by a goblin

Illustrated notes

Levels and vault maps discovered:
D:1:      amcnicky_arrival_wind_blow, layout_loops_ring, serial_shops,
          nicolae_shop_advertising_works [nicolae_subvault_shop_adworks]

Action                     || total
---------------------------++-------
  Melee: War axe           ||    15
Ability: Spit Poison       ||     1
 Armour: Leather armour    ||     1
  Dodge: Dodged            ||     6
